[Event "Titled Tuesday Blitz April 26 Late 2022"]
[White "Ohanyan, Emin"]
[Black "Koellner, Ruben Gideon"]
[WhiteFideId "13312022"]
[BlackFideId "12993093"]
[WhiteElo "2731"]
[BlackElo "2621"]
[Result "1-0"]
[Round "07"]
[TimeControl "180+1"]
[Date "2022.04.26"]
[WhiteClock "0:00:02"]
[BlackClock "0:00:44"]

1. e4 d6 2. d4 Nf6 3. Nc3 e5 4. Nf3 Nbd7 5. Bc4 Be7 6. O-O c6 7. a4 h6 8. h3 Qc7 9. Re1 Nf8 10. Be3 g5 11. Nh2 Ng6 12. Ng4 Bxg4 13. hxg4 Qc8 14. f3 h5 15. Bxg5 hxg4 16. f4 g3 17. f5 Nf4 18. Bxf4 exf4 19. Qf3 Rh4 20. e5 dxe5 21. dxe5 Bc5+ 22. Kf1 Ng4 23. Qe4 f3 24. gxf3 Nh2+ 25. Kg2 Rxe4 26. Nxe4 Bf2 27. Nd6+ Kf8 28. Nxc8 Rxc8 29. Re2 Rd8 30. Rxf2 gxf2 31. Kxh2 Rd4 32. Bd3 Rd5 33. f4 c5 34. Kg3 Rd4 35. Kxf2 Rxf4+ 36. Ke3 Rh4 37. Be4 b6 38. Rd1 Ke7 39. Rd6 Rh3+ 40. Kf4 Rh4+ 41. Ke3 Rh3+ 42. Kf2 f6 43. Re6+ Kd7 44. exf6 Rh2+ 45. Kg3 Rh8 46. Bc6+ Kc7 47. f7 Rf8 48. Be8 Kd8 49. Kf4 Kc7 50. Ke5 Kd8 51. Kd6 Rh8 52. Bc6 Rf8 53. Re8+ Rxe8 54. fxe8=R# 1-0


[Site "https://www.chess.com"]

[Event "Titled Tuesday Blitz April 26 Late 2022"]
[White "Papp, Petra"]
[Black "Stanisz, Patryk"]
[WhiteFideId "739049"]
[BlackFideId "1123106"]
[WhiteElo "2259"]
[BlackElo "1833"]
[Result "1-0"]
[Round "07"]
[TimeControl "180+1"]
[Date "2022.04.26"]
[WhiteClock "0:00:26"]
[BlackClock "0:00:01"]

1. e4 c5 2. Nf3 Nc6 3. d4 cxd4 4. Nxd4 Nf6 5. Nc3 e5 6. Ndb5 d6 7. Nd5 Nxd5 8. exd5 Ne7 9. c3 Nf5 10. Bd3 Be7 11. O-O O-O 12. a4 Nh4 13. a5 f5 14. f4 a6 15. Na3 exf4 16. Nc4 g5 17. Nb6 Rb8 18. Qh5 Bd7 19. Nxd7 Qxd7 20. Bd2 Qe8 21. Qe2 Bf6 22. Qf2 Be5 23. Rae1 Qf7 24. c4 Rbe8 25. b4 Qf6 26. Rxe5 dxe5 27. c5 e4 28. Bc4 e3 29. d6+ Kh8 30. Qe1 exd2 31. Qxd2 Re4 32. Bd3 Qd4+ 33. Kh1 Re3 34. Rd1 f3 35. gxf3 Nxf3 36. Qc2 Rfe8 37. Bf1 Qf4 38. d7 Rd8 39. b5 Qg4 40. Qb2+ Kg8 41. Bc4+ 1-0


[Site "https://www.chess.com"]

[Event "Titled Tuesday Blitz April 26 Late 2022"]
[White "Petrova, Irina"]
[Black "Eswaran, Ashritha"]
[WhiteFideId "14124122"]
[BlackFideId "2080788"]
[WhiteElo "1993"]
[BlackElo "2419"]
[Result "0-1"]
[Round "07"]
[TimeControl "180+1"]
[Date "2022.04.26"]
[WhiteClock "0:00:46"]
[BlackClock "0:01:20"]

1. e4 c6 2. d4 d5 3. e5 Bf5 4. h4 h5 5. c4 e6 6. Nc3 Ne7 7. Bg5 Nd7 8. cxd5 exd5 9. Bd3 Be6 10. Nge2 Qb6 11. Qd2 Nc8 12. Nf4 Qxd4 13. Nxe6 Qxe5+ 14. Kf1 Qxe6 15. Re1 Ne5 16. f4 f6 17. Bg6+ Kd8 18. fxe5 fxg5 19. Qxg5+ Be7 20. Qg3 Rf8+ 21. Kg1 Bc5+ 22. Kh2 Bf2 23. Qg5+ Ne7 24. Bxh5 Rf5 25. Qg4 g6 26. Ref1 gxh5 27. Qg7 Kc7 28. Nd1 Rg8 29. Qh7 Qxe5+ 0-1


[Site "https://www.chess.com"]

[Event "Titled Tuesday Blitz April 26 Late 2022"]
[White "Petrovic, Aleksa"]
[Black "Wieczorek, Oskar"]
[WhiteFideId "967629"]
[BlackFideId "1133950"]
[WhiteElo "2198"]
[BlackElo "2319"]
[Result "1-0"]
[Round "07"]
[TimeControl "180+1"]
[Date "2022.04.26"]
[WhiteClock "0:00:04"]
[BlackClock "0:00:02"]

1. d4 Nf6 2. c4 c5 3. d5 b5 4. cxb5 a6 5. e3 axb5 6. Bxb5 Qa5+ 7. Nc3 Bb7 8. Bd2 Qb6 9. Nf3 Nxd5 10. a4 e6 11. O-O Be7 12. e4 Nxc3 13. Bxc3 O-O 14. Ne5 d6 15. Nc4 Qc7 16. Qg4 e5 17. Ne3 Kh8 18. f4 Bf6 19. fxe5 Bxe5 20. Nf5 f6 21. Rf3 g6 22. Nh4 Bc8 23. Nxg6+ hxg6 24. Qxg6 Qh7 25. Qxh7+ Kxh7 26. Bxe5 dxe5 27. Raf1 Kg7 28. Rg3+ Kf7 29. Rc3 Nd7 30. Rd1 Ke7 31. b3 Rd8 32. h4 Ba6 33. Rxd7+ Rxd7 34. Bxd7 Kxd7 35. Rxc5 Rb8 36. Ra5 Bb7 37. Rb5 Kc7 38. Rb4 Rh8 39. g3 Bc6 40. Kf2 Kd6 41. a5 Ra8 42. h5 Rxa5 43. Rb8 Ra2+ 44. Kf3 Ra1 45. Rh8 Re1 46. Kg4 Ke6 47. h6 Bxe4 48. h7 Rh1 49. Re8+ Kf7 50. h8=Q f5+ 51. Kg5 1-0


[Site "https://www.chess.com"]

[Event "Titled Tuesday Blitz April 26 Late 2022"]
[White "Pichot, Alan"]
[Black "Hnydiuk, Aleksander"]
[WhiteFideId "110973"]
[BlackFideId "1109057"]
[WhiteElo "2579"]
[BlackElo "2374"]
[Result "0-1"]
[Round "07"]
[TimeControl "180+1"]
[Date "2022.04.26"]
[WhiteClock "0:01:17"]
[BlackClock "0:01:13"]

1. c4 Nf6 2. g3 c6 3. Bg2 d5 4. Nf3 dxc4 5. O-O Be6 6. a4 Bd5 7. Na3 Na6 8. b3 cxb3 9. d3 Nc5 10. e4 Be6 11. Ng5 Bg4 12. Qd2 Qxd3 13. Qb4 e5 14. Be3 b6 15. h3 Be2 16. Rfc1 Ncxe4 17. Bxe4 Bxb4 18. Bxd3 Bxd3 19. Nc4 Nd5 20. Nxe5 b2 21. Nxd3 bxa1=Q 22. Rxa1 O-O 23. Bd4 Rfd8 24. Rc1 Bd2 0-1


[Site "https://www.chess.com"]

[Event "Titled Tuesday Blitz April 26 Late 2022"]
[White "Potapova, Margarita"]
[Black "Maksimovic, Bojan"]
[WhiteFideId "14126869"]
[BlackFideId "14408120"]
[WhiteElo "2576"]
[BlackElo "2749"]
[Result "0-1"]
[Round "07"]
[TimeControl "180+1"]
[Date "2022.04.26"]
[WhiteClock "0:01:16"]
[BlackClock "0:01:02"]

1. e4 c5 2. Nf3 Nc6 3. Bb5 g6 4. Bxc6 dxc6 5. d3 Bg7 6. h3 Nf6 7. Nc3 Nd7 8. Be3 e5 9. Qd2 h6 10. O-O Qe7 11. Nh2 Nf8 12. f4 exf4 13. Bxf4 Be6 14. Kh1 g5 15. Be3 Ng6 16. Qf2 b6 17. a4 a5 18. Ng4 Bxg4 19. hxg4 Ne5 20. Qf5 Qe6 21. Bd2 Nxg4 22. Rf3 Ne5 23. Rff1 O-O-O 24. Be3 Rd7 25. Qxe6 fxe6 26. Rae1 Rf8 27. Rxf8+ Bxf8 28. Rf1 Bg7 29. Ne2 Rf7 30. Rxf7 Nxf7 31. c3 Ne5 32. d4 Nc4 33. Bc1 cxd4 34. cxd4 e5 35. b3 Nd6 36. dxe5 Bxe5 37. Be3 c5 38. Nc1 Nxe4 39. Nd3 Bd6 40. Kg1 Kd7 41. Kf1 Ke6 42. Ke2 Kd5 43. Kf3 h5 44. Ne1 g4+ 45. Ke2 Be5 46. Nc2 Bd4 47. Bf4 c4 48. b4 Nc3+ 49. Kf1 Nxa4 50. bxa5 bxa5 51. Bc7 Bb6 52. Bf4 Nc3 53. Bd2 Ne4 54. Bc1 Bc5 55. Ke2 a4 56. Bb2 c3 57. Bc1 Kc4 58. Na1 a3 59. Bf4 a2 60. Bc1 Bd4 61. Nc2 Nc5 62. Na1 Nb3 0-1


[Site "https://www.chess.com"]

[Event "Titled Tuesday Blitz April 26 Late 2022"]
[White "Prohorov, Olexandr"]
[Black "De Souza, Cristiano Gomes"]
[WhiteFideId "14105578"]
[BlackFideId "2151758"]
[WhiteElo "1993"]
[BlackElo "2068"]
[Result "1-0"]
[Round "07"]
[TimeControl "180+1"]
[Date "2022.04.26"]
[WhiteClock "0:00:34"]
[BlackClock "0:00:49"]

1. e4 c5 2. c3 d6 3. d4 Nf6 4. Bd3 Qc7 5. f3 Nbd7 6. Ne2 e5 7. Be3 Be7 8. O-O O-O 9. Na3 a6 10. Nc2 b5 11. dxc5 dxc5 12. Ng3 c4 13. Nf5 Bc5 14. Be2 g6 15. Bxc5 Qxc5+ 16. Nfe3 Nh5 17. Kh1 Nf4 18. g3 Nxe2 19. Qxe2 Nf6 20. Rfd1 Bb7 21. Rd2 Rad8 22. Rad1 Rxd2 23. Rxd2 Re8 24. Kg2 Kg7 25. a3 Re6 26. Qd1 h5 27. h3 Bc6 28. Qg1 Kh7 29. Nb4 Bb7 30. Qe1 Rd6 31. a4 Rxd2+ 32. Qxd2 bxa4 33. Nbc2 Bc6 34. Qe2 Bb5 35. Na3 Ne8 36. Qd2 Nd6 37. Nd5 Kg7 38. Qg5 Bc6 39. Qxe5+ Kg8 40. Nf6+ 1-0


[Site "https://www.chess.com"]

[Event "Titled Tuesday Blitz April 26 Late 2022"]
[White "Przybylski, Wojciech"]
[Black "Onslow, Alfie"]
[WhiteFideId "1117599"]
[BlackFideId "436976"]
[WhiteElo "2133"]
[BlackElo "1884"]
[Result "1-0"]
[Round "07"]
[TimeControl "180+1"]
[Date "2022.04.26"]
[WhiteClock "0:00:12"]
[BlackClock "0:00:01"]

1. d4 Nf6 2. c4 c5 3. d5 b5 4. Nf3 g6 5. g3 d6 6. Bg2 Bg7 7. O-O O-O 8. Nfd2 a6 9. Nc3 Nbd7 10. cxb5 axb5 11. Nxb5 Ba6 12. Nc3 Qc7 13. h3 Rfb8 14. Kh2 Rb6 15. Qc2 Ne5 16. f4 Nc4 17. Nf3 Rab8 18. b3 Na5 19. Be3 e6 20. dxe6 fxe6 21. Rac1 Nc6 22. Ng5 Nb4 23. Qd2 Qe7 24. Rfd1 d5 25. Na4 d4 26. Nxb6 dxe3 27. Qd6 Qxd6 28. Rxd6 Bxe2 29. Re1 Bb5 30. Rxe3 Nxa2 31. Rexe6 Ne8 32. Bd5 Nxd6 33. Re8# 1-0


[Site "https://www.chess.com"]

[Event "Titled Tuesday Blitz April 26 Late 2022"]
[White "Qiao, Cindy"]
[Black "Kukula, Pawel"]
[WhiteFideId "2620243"]
[BlackFideId "1115081"]
[WhiteElo "2239"]
[BlackElo "2152"]
[Result "0-1"]
[Round "07"]
[TimeControl "180+1"]
[Date "2022.04.26"]
[WhiteClock "0:00:04"]
[BlackClock "0:00:42"]

1. d4 d5 2. Bf4 c5 3. e3 Nf6 4. c3 Nc6 5. Nf3 Qb6 6. Qb3 c4 7. Qc2 Bf5 8. Qc1 e6 9. Be2 h6 10. h3 Be7 11. O-O O-O 12. Nbd2 Rfc8 13. Ne5 Nxe5 14. Bxe5 Qd8 15. Bxf6 Bxf6 16. Bf3 Bd3 17. Re1 b5 18. e4 Rab8 19. e5 Bg5 20. Qd1 a5 21. a3 b4 22. axb4 axb4 23. Bh5 bxc3 24. bxc3 g6 25. Bg4 Rb2 26. Nf3 Be7 27. Nd2 Qb6 28. Re3 Bg5 29. Nf3 Bxe3 30. fxe3 Be4 31. Nd2 Bd3 32. Bf3 Rb8 33. Kh2 Kg7 34. e4 dxe4 35. Nxe4 Bxe4 36. Bxe4 Qd8 37. Qf3 Qg5 38. Ra7 Rf8 39. Rc7 h5 40. Rxc4 h4 41. Rc7 Ra2 42. Rb7 Ra1 43. c4 Qc1 44. Rb1 Rxb1 45. Bxb1 Qxb1 46. Qf6+ Kg8 47. Qxh4 Qf5 48. Qh6 Rd8 49. h4 Rxd4 0-1


[Site "https://www.chess.com"]

[Event "Titled Tuesday Blitz April 26 Late 2022"]
[White "Rasulov, Vugar"]
[Black "Salimova, Nurgyul"]
[WhiteFideId "13402390"]
[BlackFideId "2915138"]
[WhiteElo "2560"]
[BlackElo "2185"]
[Result "1-0"]
[Round "07"]
[TimeControl "180+1"]
[Date "2022.04.26"]
[WhiteClock "0:01:13"]
[BlackClock "0:00:02"]

1. d4 Nf6 2. c4 e6 3. Nc3 Bb4 4. Bd2 O-O 5. Nf3 d5 6. e3 Re8 7. Be2 b6 8. O-O Bb7 9. Nxd5 exd5 10. Bxb4 dxc4 11. Bxc4 Nd5 12. Bd2 Nd7 13. Rc1 c5 14. Qb3 N7f6 15. dxc5 Ne4 16. cxb6 axb6 17. Rfd1 Nc5 18. Qc2 Qf6 19. Bc3 Nxc3 20. Qxc3 Qg6 21. Bd5 Bxd5 22. Rxd5 Rxa2 23. h4 h6 24. h5 Qg4 25. Rcd1 Ne4 26. Qc6 Nf6 27. Rd6 Rc8 28. Qxb6 Qxh5 29. Qb3 Raa8 30. Qd3 Rab8 31. b3 Qb5 32. Qxb5 Rxb5 33. Rd8+ Rxd8 34. Rxd8+ Kh7 35. Nd4 Rb4 36. Rc8 Ne4 37. Rc4 Rb6 38. f3 Nd2 39. Rc3 Nb1 40. Rd3 Na3 41. Kf2 Kg6 42. e4 f6 43. Ke3 Rd6 44. g4 Rb6 45. Nf5 Nc2+ 46. Kd2 Na1 47. Rd7 Nxb3+ 48. Kc3 Kg5 49. Nxg7 Kf4 50. Rd3 Nc5 51. Nh5+ Kg5 52. Rd5+ Kh4 53. Rxc5 1-0


[Site "https://www.chess.com"]

[Event "Titled Tuesday Blitz April 26 Late 2022"]
[White "Ricaurte Lopez, Juan Carlos"]
[Black "Harish, Neeraj"]
[WhiteFideId "3600327"]
[BlackFideId "30958130"]
[WhiteElo "2209"]
[BlackElo "1574"]
[Result "0-1"]
[Round "07"]
[TimeControl "180+1"]
[Date "2022.04.26"]
[WhiteClock "0:00:01"]
[BlackClock "0:00:17"]

1. e4 c5 2. d4 cxd4 3. c3 Nf6 4. e5 Nd5 5. Nf3 Nc6 6. Bc4 Nb6 7. Bb3 d6 8. cxd4 dxe5 9. d5 Na5 10. Nc3 f6 11. O-O Nxb3 12. axb3 Kf7 13. Be3 g6 14. Qd3 Bf5 15. Qb5 Bg7 16. Rfd1 Qd7 17. Qa5 Nc8 18. Nb5 a6 19. Nc7 Rb8 20. Qc3 Nd6 21. Bb6 Rhc8 22. Rac1 Nb5 23. Qb4 Nxc7 24. Bxc7 Rxc7 25. d6 Rxc1 26. Rxc1 Qxd6 27. Qxd6 exd6 28. Rc7+ Kg8 29. h3 d5 30. g4 Be6 31. Ne1 d4 32. Nd3 e4 33. Nc5 Bf7 34. Nxe4 Re8 35. Nd6 Re1+ 36. Kg2 Bxb3 0-1


[Site "https://www.chess.com"]

[Event "Titled Tuesday Blitz April 26 Late 2022"]
[White "Richter, Nils"]
[Black "Sarkar, Justin"]
[WhiteFideId "12990809"]
[BlackFideId "2010011"]
[WhiteElo "2243"]
[BlackElo "2038"]
[Result "1-0"]
[Round "07"]
[TimeControl "180+1"]
[Date "2022.04.26"]
[WhiteClock "0:00:39"]
[BlackClock "0:00:01"]

1. d4 Nf6 2. c4 e6 3. Nf3 d5 4. e3 Nbd7 5. b3 b6 6. Bd3 Bb7 7. O-O c5 8. cxd5 Nxd5 9. Bb2 Be7 10. dxc5 Nxc5 11. Bxg7 Rg8 12. Bb5+ Nd7 13. Be5 a6 14. Bxd7+ Qxd7 15. Nbd2 f6 16. Bg3 Nc3 17. Qe1 e5 18. e4 Qd3 19. Nc4 b5 20. Nb6 Rd8 21. Nd5 Nxd5 22. exd5 Bxd5 23. Rd1 Qe4 24. Qa5 Bb7 25. Qb6 Qc6 26. Qe3 Rxd1 27. Rxd1 Rg4 28. h3 Rd4 29. Rxd4 exd4 30. Qxd4 Qc1+ 31. Kh2 Bxf3 32. gxf3 Qc2 33. Qe4 Qxa2 34. Qc6+ Kf7 35. Qd5+ Kf8 36. h4 Qc2 37. h5 Qc8 38. Kg2 b4 39. Qe4 f5 40. Qd4 Kf7 41. h6 Bf6 42. Qa7+ Kg6 43. Qb6 Qe8 44. Qxa6 Qf7 45. Qd3 Kxh6 46. Qxf5 Qg6 47. Qh3+ Kg7 48. Qd7+ Kg8 49. Qc8+ Kg7 50. Qb7+ Kg8 51. Qxb4 h5 52. Qc4+ Kg7 53. Qc7+ Kg8 54. Qb8+ Kg7 55. Qb7+ Kg8 56. Qe4 1-0


[Site "https://www.chess.com"]

[Event "Titled Tuesday Blitz April 26 Late 2022"]
[White "Romanchuk, Viktor"]
[Black "Menna Barreto, Felipe Kubiaki"]
[WhiteFideId "14109271"]
[BlackFideId "2119757"]
[WhiteElo "2242"]
[BlackElo "2261"]
[Result "1-0"]
[Round "07"]
[TimeControl "180+1"]
[Date "2022.04.26"]
[WhiteClock "0:00:36"]
[BlackClock "0:01:15"]

1. d4 c5 2. d5 d6 3. c4 g6 4. e4 Bg7 5. f4 e6 6. Nf3 a6 7. Nc3 exd5 8. Nxd5 Ne7 9. Bd3 O-O 10. Nxe7+ Qxe7 11. O-O Bg4 12. h3 Bxf3 13. Qxf3 Nc6 14. Kh1 Nd4 15. Qf2 b5 16. Re1 Rab8 17. Be3 Rfe8 18. Rac1 Qb7 19. b3 f5 20. Bxd4 Bxd4 21. Qc2 fxe4 22. Bxe4 Qd7 23. Bd5+ Kg7 24. Qd3 Rxe1+ 25. Rxe1 Re8 26. Re4 Rxe4 27. Qxe4 b4 28. Qe6 Qxe6 29. Bxe6 Kf6 30. Bd5 Bf2 31. Kh2 h5 32. g3 h4 33. gxh4 Bg3+ 34. Kxg3 Kf5 35. Kf3 a5 36. Be4+ Kf6 37. Kg4 1-0


[Site "https://www.chess.com"]

[Event "Titled Tuesday Blitz April 26 Late 2022"]
[White "Romero Ruscalleda, Josep"]
[Black "Sanchez Alvares, Kelvin Antonio"]
[WhiteFideId "2231859"]
[BlackFideId "3906680"]
[WhiteElo "2324"]
[BlackElo "2193"]
[Result "0-1"]
[Round "07"]
[TimeControl "180+1"]
[Date "2022.04.26"]
[WhiteClock "0:00:17"]
[BlackClock "0:00:26"]

1. e4 c5 2. c3 Nf6 3. e5 Nd5 4. Nf3 Nc6 5. Bc4 e6 6. d4 cxd4 7. cxd4 Nb6 8. Bb3 d5 9. O-O Be7 10. Nc3 a6 11. a3 Bd7 12. Qd3 Na5 13. Bc2 h6 14. b3 Rc8 15. Bd2 Nc6 16. b4 Na7 17. Rac1 Nb5 18. Ne2 Nc4 19. a4 Na7 20. Bc3 g5 21. Ng3 h5 22. h3 b5 23. a5 Nc6 24. Nd2 Nxb4 25. Bxb4 Bxb4 26. Nb3 Qe7 27. f4 g4 28. f5 gxh3 29. gxh3 Qg5 30. Kh2 h4 31. fxe6 Qxg3+ 32. Qxg3 hxg3+ 33. Kxg3 Bxe6 34. Nc5 Bxc5 35. dxc5 Ne3 36. Rf3 Nxc2 37. Rxc2 Rxh3+ 38. Kg2 Rxf3 39. Kxf3 Kd7 40. Ke3 Kc6 41. Kd4 Rg8 42. Rf2 Rg4+ 43. Kc3 Kxc5 44. Kb2 d4 0-1


[Site "https://www.chess.com"]

[Event "Titled Tuesday Blitz April 26 Late 2022"]
[White "Rosenberg, Evan S"]
[Black "Ouellet, Maili-Jade"]
[WhiteFideId "2019299"]
[BlackFideId "2620472"]
[WhiteElo "2344"]
[BlackElo "1899"]
[Result "1-0"]
[Round "07"]
[TimeControl "180+1"]
[Date "2022.04.26"]
[WhiteClock "0:00:22"]
[BlackClock "0:00:03"]

1. Nf3 d5 2. d4 Nf6 3. c4 e6 4. g3 Be7 5. Bg2 O-O 6. O-O dxc4 7. Qc2 b5 8. a4 b4 9. Qxc4 Ba6 10. Qc2 Nd5 11. Rd1 Nd7 12. e4 N5f6 13. Nbd2 c5 14. e5 Nd5 15. Ne4 cxd4 16. Rxd4 Rc8 17. Qb1 Qc7 18. Nfg5 g6 19. Nd6 Qxc1+ 20. Qxc1 Rxc1+ 21. Rxc1 Bxg5 22. f4 Bd8 23. Kh1 Bb6 24. Rdd1 Ne3 25. Re1 Nxg2 26. Kxg2 Bb7+ 27. Nxb7 Rb8 28. Nd6 a5 29. Rc8+ Rxc8 30. Nxc8 Bd4 31. Rd1 Bxb2 32. Rxd7 Bc3 33. Rb7 Kf8 34. Nd6 1-0


[Site "https://www.chess.com"]

[Event "Titled Tuesday Blitz April 26 Late 2022"]
[White "Rozman, Levy"]
[Black "Ezat, Mohamed"]
[WhiteFideId "2039877"]
[BlackFideId "10600906"]
[WhiteElo "2376"]
[BlackElo "2386"]
[Result "0-1"]
[Round "07"]
[TimeControl "180+1"]
[Date "2022.04.26"]
[WhiteClock "0:00:01"]
[BlackClock "0:00:09"]

1. Na3 e5 2. Nc4 Nc6 3. Na3 Bxa3 4. bxa3 Nf6 5. g3 O-O 6. Bg2 d5 7. d3 Re8 8. Rb1 Qd6 9. e3 b6 10. Ne2 Bg4 11. h3 Bh5 12. g4 Bg6 13. O-O e4 14. d4 Nd8 15. a4 Ne6 16. Rb3 Ng5 17. Nf4 Ne6 18. Ne2 Ng5 19. Nf4 Ne6 20. Ba3 Qd7 21. Nxe6 Qxe6 22. a5 h5 23. g5 Nd7 24. h4 f6 25. a6 fxg5 26. hxg5 Qf7 27. Rc3 Rac8 28. Bh3 c6 29. Bd6 Nf8 30. Bxc8 Rxc8 31. Bxf8 Kxf8 32. f4 Bf5 33. Qe2 h4 34. Qf2 Qh5 35. Kh2 Bg4 36. Rg1 Bf3 37. Rb3 Kg8 38. Rbb1 c5 39. dxc5 Rxc5 40. f5 Qf7 41. f6 Qc7+ 42. Kh3 Rxc2 43. Qxc2 Qxc2 44. Rbc1 Qf2 45. Rcf1 Qxe3 46. Kxh4 Be2 47. f7+ Kf8 48. Rc1 Qf4+ 49. Kh3 Kxf7 50. g6+ Ke6 51. Rc6+ Ke5 52. Rgc1 Bf3 0-1


[Site "https://www.chess.com"]

[Event "Titled Tuesday Blitz April 26 Late 2022"]
[White "Sadovsky, Artem"]
[Black "Kosteniuk, Alexandra"]
[WhiteFideId "4155840"]
[BlackFideId "4128125"]
[WhiteElo "2314"]
[BlackElo "2469"]
[Result "0-1"]
[Round "07"]
[TimeControl "180+1"]
[Date "2022.04.26"]
[WhiteClock "0:00:01"]
[BlackClock "0:00:16"]

1. c4 e5 2. g3 Nf6 3. Bg2 Nc6 4. Nc3 Bb4 5. Nf3 Bxc3 6. dxc3 O-O 7. O-O e4 8. Ng5 Re8 9. Qc2 Qe7 10. Nh3 d6 11. Nf4 Bf5 12. Nd5 Qd7 13. Nxf6+ gxf6 14. Bf4 Bg6 15. Qd2 Ne5 16. b3 a5 17. a4 h5 18. h3 Kh7 19. Kh2 Qe6 20. Rad1 Nd7 21. Qd5 Nc5 22. Rb1 Ra6 23. Be3 Rc6 24. Rfd1 Qc8 25. h4 Re5 26. Qd2 Ra6 27. Bh3 Bf5 28. Bg2 Bg4 29. Bf4 Re8 30. Be3 Qf5 31. Re1 Raa8 32. Rb2 b6 33. Bxc5 bxc5 34. Qf4 Qxf4 35. gxf4 Rab8 36. e3 Rb6 37. Reb1 f5 38. b4 cxb4 39. cxb4 axb4 40. Rxb4 Ra6 41. Bf1 Rea8 42. c5 Rxa4 43. Rxa4 Rxa4 44. cxd6 cxd6 45. Rb6 Ra2 46. Rxd6 Rxf2+ 47. Kg1 Rf3 48. Rf6 Kg7 49. Rd6 Rxe3 50. Bg2 Re1+ 51. Kf2 Re2+ 52. Kf1 Rb2 53. Rd5 e3 54. Re5 Rb1# 0-1


[Site "https://www.chess.com"]

[Event "Titled Tuesday Blitz April 26 Late 2022"]
[White "Sanal, Vahap"]
[Black "Li, Ben"]
[WhiteFideId "6300545"]
[BlackFideId "2089980"]
[WhiteElo "2603"]
[BlackElo "2267"]
[Result "1-0"]
[Round "07"]
[TimeControl "180+1"]
[Date "2022.04.26"]
[WhiteClock "0:01:01"]
[BlackClock "0:00:27"]

1. e4 e5 2. Nf3 Nf6 3. Nc3 Nc6 4. d4 exd4 5. Nxd4 Bb4 6. Nxc6 bxc6 7. Bd3 d5 8. exd5 cxd5 9. O-O O-O 10. h3 h6 11. Qf3 c6 12. Bf4 Bd6 13. Rfe1 Rb8 14. b3 Be6 15. Ne2 Re8 16. Nd4 Qd7 17. Bxh6 c5 18. Nf5 Bxf5 19. Bxf5 Rxe1+ 20. Rxe1 Re8 21. Rxe8+ Qxe8 22. Bd2 Qe5 23. g3 Qa1+ 24. Kg2 Qxa2 25. Bg5 Qb2 26. Bxf6 Qxf6 27. Qxd5 g6 28. Bd3 Kg7 29. Bc4 Be5 30. f4 Bd4 31. Qd7 g5 32. Qg4 Qc6+ 33. Kh2 Qe4 34. Qxg5+ Kf8 35. Qd8+ Kg7 36. Qg5+ Kf8 37. Bd3 Qf3 38. h4 a5 39. h5 Qf2+ 40. Kh3 Qg1 41. Qd5 Bf2 42. Qf3 Bd4 43. h6 Kg8 44. Qa8# 1-0


[Site "https://www.chess.com"]

[Event "Titled Tuesday Blitz April 26 Late 2022"]
[White "Schekachikhin, Maksim"]
[Black "Kamsky, Gata"]
[WhiteFideId "24177830"]
[BlackFideId "2000024"]
[WhiteElo "2230"]
[BlackElo "2645"]
[Result "1/2-1/2"]
[Round "07"]
[TimeControl "180+1"]
[Date "2022.04.26"]
[WhiteClock "0:00:47"]
[BlackClock "0:00:27"]

1. d4 f5 2. Bf4 Nf6 3. e3 g6 4. h3 d6 5. Nf3 Bg7 6. Bc4 e6 7. g4 Qe7 8. gxf5 exf5 9. Nc3 Be6 10. Qe2 a6 11. O-O-O Nbd7 12. Rhe1 Bxc4 13. Qxc4 O-O-O 14. Kb1 Rde8 15. Nd2 Nb6 16. Qd3 Qf7 17. Nb3 Qc4 18. Qd2 Nfd5 19. Nxd5 Qxd5 20. Rc1 Nc4 21. Qd3 Bf6 22. Nd2 Nxd2+ 23. Qxd2 g5 24. Bg3 h5 25. c4 Qe4+ 26. Qc2 Qxc2+ 27. Kxc2 h4 28. Bh2 g4 29. Bf4 gxh3 30. Rh1 Rhg8 31. Rxh3 Kd7 32. Kd3 c5 33. dxc5 dxc5 34. b3 Ke6 35. Ke2 Rd8 36. Rhh1 Rd7 37. Rcd1 Rgd8 38. Rxd7 Rxd7 39. Rg1 Kf7 40. Bg5 Rd8 41. Bxf6 Kxf6 42. Rh1 Rh8 43. f4 h3 44. Kf3 h2 45. Kg3 Re8 46. Kf3 Rh8 47. Kg3 Re8 48. Kf3 Rh8 1/2-1/2


[Site "https://www.chess.com"]

[Event "Titled Tuesday Blitz April 26 Late 2022"]
[White "Sernecki, Franciszek"]
[Black "Chuemsakul, Sarocha"]
[WhiteFideId "1169297"]
[BlackFideId "6203710"]
[WhiteElo "2165"]
[BlackElo "1703"]
[Result "1-0"]
[Round "07"]
[TimeControl "180+1"]
[Date "2022.04.26"]
[WhiteClock "0:00:09"]
[BlackClock "0:00:02"]

1. e4 g6 2. d4 Bg7 3. c4 d6 4. Nc3 Nf6 5. Bg5 Nbd7 6. Be2 c5 7. d5 h6 8. Be3 a6 9. Qd2 Ne5 10. h3 g5 11. Nf3 Ng6 12. e5 dxe5 13. Bxc5 O-O 14. O-O Bf5 15. Bd3 Bxd3 16. Qxd3 Nf4 17. Qe3 Nd7 18. Bb4 f5 19. Rad1 Kh8 20. b3 Qe8 21. Nd2 Qf7 22. Ne2 Rae8 23. Nxf4 gxf4 24. Qf3 Qg6 25. Kh1 Qg5 26. g4 e4 27. Qg2 f3 28. Qg1 Qh4 29. Qg3 Qxg3 30. fxg3 fxg4 31. Nxe4 Ne5 32. hxg4 Nxg4 33. Rd3 f2 34. Kg2 Be5 35. Nxf2 Nxf2 36. Rxf2 Rxf2+ 37. Kxf2 Kg7 38. Rf3 Kg6 39. Bc3 Bxc3 40. Rxc3 Rf8+ 41. Rf3 Rd8 42. Re3 Kf7 43. Re6 b5 44. Rxh6 bxc4 45. bxc4 Rc8 46. Rc6 Rb8 47. Rxa6 Rb2+ 48. Kf3 Rc2 49. Ra4 Kf6 50. a3 Ke5 51. g4 Rc3+ 52. Ke2 Rg3 53. Ra7 Rxg4 54. Rxe7+ Kd4 55. Rc7 Rg3 56. d6 Rxa3 57. d7 Re3+ 58. Kf2 Rd3 59. d8=Q+ 1-0


[Site "https://www.chess.com"]

[Event "Titled Tuesday Blitz April 26 Late 2022"]
[White "Sevian, Samuel"]
[Black "Jobava, Baadur"]
[WhiteFideId "2040506"]
[BlackFideId "13601520"]
[WhiteElo "2698"]
[BlackElo "2617"]
[Result "0-1"]
[Round "07"]
[TimeControl "180+1"]
[Date "2022.04.26"]
[WhiteClock "0:00:05"]
[BlackClock "0:01:46"]

1. b3 d5 2. Bb2 c6 3. e3 Nf6 4. c4 Bg4 5. Nf3 e6 6. h3 Bxf3 7. Qxf3 Nbd7 8. Nc3 g6 9. d4 Bg7 10. Bd3 O-O 11. O-O Re8 12. Rfd1 Qe7 13. Qe2 a6 14. Rac1 Rad8 15. a3 h5 16. Qf1 Qd6 17. Bb1 Qb8 18. Ba2 Nb6 19. a4 Bf8 20. c5 Nbd7 21. b4 e5 22. b5 axb5 23. axb5 exd4 24. exd4 Bg7 25. Bb1 Nf8 26. Na2 Ne6 27. Nb4 Rc8 28. Bc2 Ne4 29. Bxe4 dxe4 30. Rc2 Red8 31. d5 cxd5 32. Bxg7 Kxg7 33. Rxd5 Rxd5 34. Nxd5 Qe5 35. Nb6 Rc7 36. c6 Nd4 37. Rc4 bxc6 38. bxc6 Rxc6 39. Rxc6 Nxc6 40. Nc4 Qd4 41. Ne3 Ne5 42. Qb1 Nd3 43. Qf1 h4 44. Qe2 Qa1+ 45. Kh2 Qe5+ 46. Kg1 Qa1+ 47. Kh2 Qb2 48. Qxb2+ Nxb2 49. g3 Nd3 50. Kg2 hxg3 51. fxg3 f5 52. h4 Kf6 53. Kf1 Ke5 54. Ke2 Kd4 55. Ng2 Nc1+ 56. Kd2 Nb3+ 57. Ke2 Nc1+ 58. Kd2 Nd3 59. Ke2 Ke5 60. Ke3 Nb4 61. Kf2 Nd5 62. Ke2 f4 63. Kf2 f3 64. Ne1 Kf5 65. Nxf3 exf3 66. Kxf3 Nf6 0-1


[Site "https://www.chess.com"]

[Event "Titled Tuesday Blitz April 26 Late 2022"]
[White "Sheng, Joshua"]
[Black "Moiseenko, Alexander"]
[WhiteFideId "2057360"]
[BlackFideId "14102560"]
[WhiteElo "2142"]
[BlackElo "2577"]
[Result "0-1"]
[Round "07"]
[TimeControl "180+1"]
[Date "2022.04.26"]
[WhiteClock "0:00:08"]
[BlackClock "0:00:15"]

1. e4 c5 2. Nf3 Nc6 3. d4 cxd4 4. Nxd4 Nf6 5. Nc3 e5 6. Ndb5 d6 7. Nd5 Nxd5 8. exd5 Nb8 9. a4 Be7 10. Bd3 O-O 11. O-O f5 12. Bd2 Nd7 13. a5 a6 14. Na3 e4 15. Be2 Ne5 16. Nc4 Nxc4 17. Bxc4 Bf6 18. c3 Be5 19. Qe2 Bd7 20. f4 exf3 21. Rxf3 Rc8 22. Bd3 g6 23. Bf4 Re8 24. Qd2 Qc7 25. Kh1 Bb5 26. Bxb5 axb5 27. Be3 Qc4 28. Raf1 Rc7 29. Bb6 Rce7 30. Qd3 Qxd3 31. Rxd3 Bg7 32. h3 Re2 33. b3 Rc2 34. Bd4 Ree2 35. Rg1 Bxd4 36. Rxd4 Rxc3 37. Rb4 Rc5 38. Rd1 Kf7 39. Rbd4 Kf6 40. R4d2 Rxd2 41. Rxd2 Rc3 42. Re2 Rxb3 43. Re6+ Kg5 44. Rxd6 Kf4 45. Kh2 Ra3 46. Rb6 Rxa5 47. Rxb7 Ke5 48. Rxh7 Kxd5 49. Rb7 Kc5 50. Kg3 b4 51. Kf4 Rb5 52. Rc7+ Kd4 53. Rc1 b3 54. Kg5 Rb6 55. Rb1 Kc3 56. g4 fxg4 57. hxg4 b2 58. Rh1 Kc2 59. Rh2+ Kb3 60. Rh3+ Ka2 61. Rh2 Ka1 0-1


[Site "https://www.chess.com"]